 Dungeon Crawl Stone Soup version 0.30.1-1-g62c8e00024 (webtiles) character file.

Game seed: 18327924675448244949

1677 shmup the Firebug (level 9, 0/45 HPs)
             Began as a Tengu Fire Elementalist on July 15, 2023.
             Shot with an arrow by a centaur (10 damage)
             ... while paralysed by a centaur
             ... on level 7 of the Dungeon.
             The game lasted 00:14:43 (6053 turns).

shmup the Firebug (Tengu Fire Elementalist)         Turns: 6053, Time: 00:14:43

Health: 0/45       AC:  3    Str:  9    XL:     9   Next: 1%
Magic:  25/25      EV:  2    Int: 20    God:
Gold:   303        SH:  0    Dex: 14    Spells: 13/16 levels left

rFire   + . .        b - staff of fire
rCold   . . .        (no shield)
rNeg    . . .        e - +0 robe
rPois   .            (helmet restricted)
rElec   .            o - +0 cloak
rCorr   .            (no gloves)
SInv    .            (boots unavailable)
Will    .....        (no amulet)
Stlth   +++          s - ring of magical power
HPRegen 0.27/turn    (no ring)
MPRegen 0.19/turn

%: no passive effects
@: paralysed, flying quickly and evasively, quick
A: beak, talons 3, nimble flight
a: no special abilities


You were on level 7 of the Dungeon.
You visited 1 branch of the dungeon, and saw 7 of its levels.

You collected 303 gold pieces.

Inventory:

Hand Weapons
 a - a +0 dagger
 C - the +2 glaive "Xegeato" {freeze, rElec Str+6 Int-5}
   (You found it on level 6 of the Dungeon)

   Str:       It affects your strength (+6).
   Int:       It affects your intelligence (-5).
   rElec:     It insulates you from electricity.
Missiles
 c - 6 poisoned darts (quivered)
 f - 21 stones
 g - 5 curare-tipped darts
 r - a boomerang
 w - a throwing net
 B - 5 silver javelins
Armour
 e - a +0 robe (worn)
 o - a +0 cloak (worn)
Magical Staves
 b - a staff of fire (weapon)
Jewellery
 s - a ring of magical power (left hand)
Wands
 F - a wand of mindburst (19)
Scrolls
 d - 2 scrolls of immolation {unknown}
 h - 2 scrolls of magic mapping {unknown}
 i - a scroll of blinking {unknown}
 j - 2 scrolls of noise {unknown}
 p - 8 scrolls of identify {unknown}
 q - 3 scrolls of teleportation {unknown}
 y - a scroll of enchant armour {unknown}
Potions
 k - a potion of ambrosia {unknown}
 l - a potion of magic
 m - 2 potions of lignification {unknown}
 n - 2 potions of heal wounds {unknown}
 t - a potion of degeneration {unknown}
 u - 5 potions of attraction {unknown}
 v - a potion of cancellation {unknown}
 x - 2 potions of curing {unknown}
 z - a potion of brilliance {unknown}
 A - a potion of might {unknown}
 D - a potion of resistance {unknown}
 E - a potion of mutation {unknown}
 G - 2 potions of berserk rage {unknown}


   Skills:
 + Level 5.3 Dodging
 + Level 5.4 Stealth
 + Level 4.4 Spellcasting
 + Level 5.9 Conjurations
 * Level 7.8 Fire Magic


You had 13 spell levels left.
You knew the following spells:

 Your Spells              Type           Power      Damage    Failure   Level
a - Foxfire               Conj/Fire      100%       2x1d9     1%          1
b - Scorch                Fire           100%       2d9       1%          2

Your spell library contained the following spells:

 Spells                   Type           Power      Damage    Failure   Level
 Inner Flame              Hex/Fire       30%        N/A       8%          3
 Volatile Blastmotes      Fire/Tloc      60%        2d15      8%          3
 Flame Wave               Conj/Fire      47%        2d12      8%          4
 Hailstorm                Conj/Ice       16%        3d6       11%         3
 Freeze                   Ice            16%        1d4       12%         1
 Necrotise                Necr           16%        1d4       12%         1
 Slow                     Hex            16%        N/A       12%         1
 Cigotuvi's Dreadful Rot  Necr/Pois/Air  8%         N/A       19%         2
 Confusing Touch          Hex            4%         N/A       36%         3
 Frozen Ramparts          Ice            8%         1d2       36%         3
 Gell's Gravitas          Tloc           4%         N/A       36%         3
 Teleport Other           Tloc           4%         N/A       36%         3
 Vampiric Draining        Necr           4%         2d6       36%         3
 Dispel Undead            Necr           4%         3d7       77%         4
 Agony                    Necr           4%         N/A       98%         5
 Death Channel            Necr           2%         N/A       100%        6
 Dispersal                Tloc           2%         N/A       100%        6


Dungeon Overview and Level Annotations

Branches:
Dungeon (7/15)
 Temple: D:4-7

Altars:
Gozag
Okawaru
Xom
Yredelemnul

Shops:
D:1 (   D:4 *

Annotations:
D:4 Eustachio


Innate Abilities, Weirdness & Mutations

You have a beak for a mouth.
You have claws for feet.
Your magical nature lets you fly swiftly and evasively.


Message History

Magic restored.
Items here: % ) [.
Found a glowing amethyst potion.
E - a glowing amethyst potion
Found a pair of boots.
You see here a +0 pair of boots.
Found a ring mail.
Found 17 gold pieces.
Found 2 fuming orange potions and a worn bronze wand.
Found an escape hatch in the floor.
F - a wand of mindburst (19)
Found a stone staircase leading down.
You now have 303 gold pieces (gained 17).
G - 2 fuming orange potions You reach down and open the door.
Found a stone staircase leading up.
There is an open door here.
A centaur comes into view.
It is wielding a +0 dagger and carrying a wand of paralysis (3).
Throw: 7 darts (poison)
Press: ? - help, Q - select action, (/) - cycle Shift-Dir - straight line, f - centaur
Aim: a centaur, wielding a +0 dagger, wearing a +6 ring of strength and carrying a wand of paralysis (3) (wandering, hasn't noticed you, 69% to hit)
Okay, then.
Unknown command.
Unknown command.
Throw: 7 darts (poison)
Press: ? - help, Q - select action, (/) - cycle Shift-Dir - straight line, f - centaur
Aim: a centaur, wielding a +0 dagger, wearing a +6 ring of strength and carrying a wand of paralysis (3) (wandering, hasn't noticed you, 69% to hit)
You throw a poisoned dart.
The poisoned dart barely misses the centaur.
The centaur shouts!
The centaur zaps a wand.
You suddenly lose the ability to move!
The centaur unwields a +0 dagger.
The centaur wields a +0 shortbow.
The centaur shoots an arrow.
The arrow hits you!
The centaur shoots an arrow.
The arrow hits you!
The centaur shoots an arrow.
The arrow hits you!
* * * LOW HITPOINT WARNING * * *
The centaur shoots an arrow.
The arrow hits you.
* * * LOW HITPOINT WARNING * * *
The centaur shoots an arrow.
The arrow hits you!
You die...

▒.▒.▒.. ▒c ▒.▒.▒.▒
.▒ ▒. ▒.▒.▒.▒ . ▒.
▒.▒.▒.▒ .▒... ▒.
▒.▒.▒.▒ ▒.▒▒.▒ ▒.
▒.▒...▒▒▒▒.▒▒.▒ ▒.
▒.▒............
▒.▒▒▒......▒▒▒.▒▒.▒
▒.Q....<...▒ ▒.....
▒▒▒▒▒▒.....▒▒▒.....
..........'>>...
▒▒▒▒▒▒▒▒▒▒▒.....
............
............
▒▒▒▒▒.......
▒....... ▒.......


You could see a centaur.

Vanquished Creatures
  A hornet (D:6)
  Grinder (D:3)
  A water moccasin (D:5)
  An ice beast (D:5)
  An ogre (D:6)
  A phantom (D:4)
  A bullfrog (D:6)
  A gnoll sergeant (D:6)
  A scorpion (D:4)
  2 howler monkeys
  2 jellies
  4 hounds
  A gnoll bouda (D:6)
  Terence (D:2)
  An iguana (D:5)
  3 orc wizards
  16 gnolls
  5 adders
  2 white imps
  A worm (D:5)
  A dart slug (D:2)
  15 orcs
  5 endoplasms
  2 giant cockroaches (D:2)
  3 goblins
  7 hobgoblins
  2 jackals (D:1)
  9 kobolds
  3 quokkas
  9 ball pythons
  6 bats
  5 frilled lizards
  8 rats
122 creatures vanquished.

Vanquished Creatures (collateral kills)
  A foxfire (D:3)
1 creature vanquished.

Vanquished Creatures (others)
  189 foxfires
189 creatures vanquished.

Grand Total: 312 creatures vanquished

Notes
Turn   | Place    | Note
-------+----------+-------------------------------------------
     0 | D:1      | shmup the Tengu Fire Elementalist began the quest for the
                  | Orb.
     0 | D:1      | Reached XP level 1. HP: 10/10 MP: 4/4
   109 | D:1      | Reached XP level 2. HP: 15/15 MP: 1/6
   545 | D:1      | Reached XP level 3. HP: 19/19 MP: 5/7
   688 | D:1      | Learned a level 2 spell: Scorch
   796 | D:2      | Reached skill level 4 in Fire Magic
   888 | D:2      | Noticed Terence
   902 | D:2      | Killed Terence
   903 | D:2      | Reached XP level 4. HP: 15/24 MP: 0/8
  1062 | D:2      | Found a faded altar of an unknown god.
  1091 | D:2      | Gained mutation: Your magical nature lets you fly swiftly
                  | and evasively. [Tengu growth]
  1091 | D:2      | Reached XP level 5. HP: 28/28 MP: 4/9
  2099 | D:3      | Found a shimmering altar of Xom.
  2308 | D:3      | Noticed Grinder
  2322 | D:3      | Killed Grinder
  2323 | D:3      | Reached skill level 5 in Fire Magic
  2323 | D:3      | Reached XP level 6. HP: 18/32 MP: 10/11
  2844 | D:4      | Reached XP level 7. HP: 36/36 MP: 12/12
  3454 | D:4      | Noticed Eustachio
  3523 | D:4      | Found Getekiss's Serpentskin Sales.
  3526 | D:4      | Reached skill level 6 in Fire Magic
  3572 | D:5      | Entered Level 5 of the Dungeon
  3919 | D:5      | Reached XP level 8. HP: 29/41 MP: 14/14
  4376 | D:6      | Found a basalt altar of Yredelemnul.
  4427 | D:5      | Reached skill level 5 in Conjurations
  4743 | D:6      | Reached skill level 7 in Fire Magic
  4943 | D:6      | Noticed a hornet
  5052 | D:6      | Reached skill level 5 in Dodging
  5054 | D:6      | Reached skill level 5 in Stealth
  5168 | D:6      | Killed a hornet
  5282 | D:6      | Found an iron altar of Okawaru.
  5291 | D:6      | Found an opulent altar of Gozag.
  5551 | D:6      | Reached XP level 9. HP: 45/45 MP: 11/16
  5638 | D:6      | Identified the +2 glaive "Xegeato" {freeze, rElec Str+6
                  | Int-5}
  6050 | D:7      | Paralysed by a centaur for 5 turns
  6053 | D:7      | Shot with an arrow by a centaur

Illustrated notes

Levels and vault maps discovered:
D:1:      dpeg_arrival_orchard, layout_rooms, serial_shops, shop,
          minmay_tiny_reverse_x
D:2:      layout_rooms, shapermc_ecumenical_altar_notcrosses, uniq_terence
D:3:      layout_basic, nicolae_overflow_crystal_walls, serial_bayou_lagoon_b,
          uniq_grinder
D:4:      layout_layer_cave, temple_hall_moat, guppyfry_shop_venom,
          uniq_eustachio
D:5:      layout_rooms, nicolae_elevator_lobby_plus
D:6:      layout_rooms, mainiacjoe_overflow_paths, mainiacjoe_overflow_swirl
D:7:      layout_basic

Skill      XL: |  1  2  3  4  5  6  7  8 |
---------------+-------------------------+-----
Conjurations   | 2 3 4 5 |  5.9
Fire Magic     | 4 5 6 7 |  7.8
Dodging        | 3 4 5 |  5.3
Stealth        | 3 4 5 |  5.4
Spellcasting   | 3 4 |  4.4

Action                     |  1- 3 |  4- 6 |  7- 9 || total
---------------------------+-------+-------+-------++-------
  Melee: Dagger            |     4 |       |       ||     4
         Peck              |     2 |     2 |     6 ||    10
         Staff             |     3 |    14 |    19 ||    36
         Kick              |     3 |     4 |     5 ||    12
         Punch             |       |       |     2 ||     2
  Throw: Dart              |       |       |     1 ||     1
   Cast: Foxfire           |    50 |    35 |    17 ||   102
         Scorch            |       |    20 |    87 ||   107
 Armour: Robe              |     3 |     4 |     6 ||    13
  Dodge: Dodged            |    14 |    33 |    58 ||   105
